 Dungeon Crawl Stone Soup version 0.25-a0-663-gace7076f2c (webtiles) character file.

Game seed: 13459293725281615886, levelgen mode: deterministic

127 nono the Chucker (level 5, -2/28 HPs)
             Began as a Vine Stalker Hunter on Mar 25, 2020.
             Killed by divine providence
             ... invoked by an orc priest
              (8 damage)
             ... on level 3 of the Dungeon.
             The game lasted 00:06:38 (1843 turns).

nono the Chucker (Vine Stalker Hunter)              Turns: 1843, Time: 00:06:39

Health: -2/28      AC:  9    Str: 15    XL:     5   Next: 11%
Magic:  0/6        EV: 11    Int: 11    God:
Gold:   114        SH:  0    Dex: 15    Spells: 4/4 levels left

rFire    . . .     SeeInvis .   a - +0 short sword
rCold    . . .     Gourm    .   (no shield)
rNeg     . . .     Faith    .   m - +0 ring mail
rPois    .         Spirit   +   (no helmet)
rElec    .         Reflect  .   i - +0 cloak
rCorr    .         Harm     .   (no gloves)
MR       .....                  e - +2 pair of boots
Stlth    +.........             (no amulet)
HPRegen  0.49/turn              (no ring)
MPRegen  0.10/turn              (no ring)

@: no status effects
A: fangs 2, regeneration 1, magic shield, antimagic bite, no potion heal 3, rot
immunity
a: no special abilities


You were on level 3 of the Dungeon.
You were very hungry.

You visited 1 branch of the dungeon, and saw 3 of its levels.

You collected 114 gold pieces.

Inventory:

Hand Weapons
 a - a +0 short sword (weapon)
 g - a +0 dagger
Missiles
 c - 4 javelins (quivered)
 d - 2 throwing nets
Armour
 e - a +2 pair of boots (worn)
 i - a +0 cloak (worn)
 l - a +0 plate armour
 m - a +0 ring mail (worn)
Scrolls
 b - a scroll of noise
 j - a scroll of fear
 q - a scroll of magic mapping
 r - a scroll of remove curse
Potions
 h - 2 potions of lignification
 k - 3 potions of curing
 n - a potion of brilliance
 o - a potion of stabbing {unknown}
 p - a potion of degeneration {unknown}
Comestibles
 f - 7 rations


   Skills:
 + Level 3.5 Fighting
 + Level 2.8 Short Blades
 - Level 3.6 Throwing
 - Level 1.5 Dodging
 - Level 1.2 Stealth


You had 4 spell levels left.
You didn't know any spells.
Your spell library contained the following spells:

 Spells                   Type           Power        Failure   Level  Hunger
 Corona                   Hex            #......      56%         1    ##.....
 Ensorcelled Hibernation  Hex/Ice        #.....       71%         2    ###....
 Confusing Touch          Hex            #.......     91%         3    ####...
 Dazzling Flash           Conj/Hex       #.....       91%         3    ####...
 Tukima's Dance           Hex            #.......     91%         3    ####...


Dungeon Overview and Level Annotations

Branches:
Dungeon (3/15)

Altars:
Nemelex Xobeh
Uskayaw


Innate Abilities, Weirdness & Mutations

You have extremely sharp teeth.
Your natural rate of healing is unusually fast.
When hurt, damage is shared between your health and your magic reserves.
Your bite disrupts and absorbs the magic of your enemies.
Potions cannot restore your health.
You are immune to rotting.


Message History

You throw a javelin. The javelin pierces through the orc!
You kill the orc!
The javelin pierces through the orc!
You kill the orc!
The javelin pierces through the orc.
The orc is moderately wounded.
The javelin pierces through the orc priest!
The orc priest is almost dead.
The orc priest invokes the aid of Beogh against you.
Beogh smites you!
* * * LOW HITPOINT WARNING * * *
Throwing (i - inventory. (/) - cycle)
c - 5 javelins (quivered)
Press: ? - help, Shift-Dir - straight line, f - orc
Aim: an orc, wielding a +0 whip (moderately wounded)
You throw a javelin. The javelin pierces through the orc!
You kill the orc!
The javelin completely misses the orc priest.
The orc priest calls down the wrath of Beogh upon you.
Beogh smites you!
You die...

############## ....#........#
#########
....#........#########....[...
....'...........@.)..)o(......
....#........#########........
....#........# #...†.......
....#........# #...........
....########## #.....##..##
####### #..$..# .# .......
+.....# .. ####### #.....# #
##.####


You could see an orc priest.

Vanquished Creatures
  5 adders (D:2)
  3 worms (D:2)
  2 dart slugs (D:2)
  4 leopard geckos
  4 orcs (D:3)
  8 bats
  2 giant cockroaches (D:2)
  8 goblins
  6 hobgoblins
  A ball python (D:1)
  3 frilled lizards
  10 kobolds
  7 rats
63 creatures vanquished.

Notes
Turn   | Place    | Note
-------+----------+-------------------------------------------
     0 | D:1      | nono the Vine Stalker Hunter began the quest for the Orb.
     0 | D:1      | Reached XP level 1. HP: 11/11 MP: 2/2
   275 | D:1      | Reached XP level 2. HP: 11/15 MP: 3/3
   278 | D:1      | Reached skill level 1 in Short Blades
   472 | D:1      | Reached XP level 3. HP: 10/19 MP: 2/4
   917 | D:2      | Gained mutation: Your natural rate of healing is unusually
                  | fast. [Vine Stalker growth]
   917 | D:2      | Reached XP level 4. HP: 24/24 MP: 5/5
  1222 | D:2      | Noticed a +0 hand axe
  1224 | D:2      | Found a hide-covered altar of Uskayaw.
  1226 | D:2      | Noticed a +0 hand axe
  1489 | D:2      | Found a sparkling altar of Nemelex Xobeh.
  1774 | D:3      | Reached XP level 5. HP: 28/28 MP: 6/6
  1843 | D:3      | Killed from afar by an orc priest

Levels and vault maps discovered:
D:1:      dpeg_arrival_lava_temple_mockup, layout_rooms, st_stairs_10,
          minivault_24
D:2:      layout_loops_corners, dancing_weapons_uskayaw,
          nemelex_xobeh_ov_fountains_minmay, minmay_misc_feat_columns,
          st_stairs_5
D:3:      layout_basic

Skill      XL: |  1  2  3 |
---------------+----------+-----
Fighting       | 2 3 |  3.5
Short Blades   | 1 2 |  2.8
Throwing       | |  3.6
Dodging        | |  1.5
Stealth        | |  1.2

Action                   |  1- 3 |  4- 6 || total
-------------------------+-------+-------++-------
Melee: Dagger            |    22 |       ||    22
       Short sword       |    79 |    80 ||   159
       Bite              |    16 |    27 ||    43
Throw: Javelin           |    13 |     7 ||    20
  Use: Scroll            |       |     6 ||     6
  Eat: Chunk             |       |     2 ||     2
Armor: Leather armour    |    34 |       ||    34
       Ring mail         |    27 |    20 ||    47
Dodge: Dodged            |    85 |    39 ||   124

Table legend:
 A = Non-vault XP
 B = Vault XP
 C = Vault XP percentage of total XP
 D = Non-vault monster count
 E = Vault monster count
 F = Vault count percentage of total count
                 A         B        C        D         E       F
            +---------+---------+-------+---------+---------+-------
      Total |     166 |      16 |   8.8 |      57 |       6 |   9.5
            +---------+---------+-------+---------+---------+-------
        D:1 |      40 |       4 |   9.1 |      23 |       3 |  11.5
        D:2 |     107 |      12 |  10.1 |      26 |       3 |  10.3
        D:3 |      19 |       0 |   0.0 |       8 |       0 |   0.0
            +---------+---------+-------+---------+---------+-------
